 Dungeon Crawl Stone Soup version 0.29.1-15-g9cfb28693d (webtiles) character file.

Game seed: 16075058907957290695

1117 Sharkman1231 the Chiller (level 8, -1/52 HPs)
             Began as a Demonspawn Ice Elementalist on Apr 17, 2023.
             Slain by a vampire (7 damage)
             ... on level 6 of the Dungeon.
             The game lasted 00:06:00 (5723 turns).

Sharkman1231 the Chiller (DsIE)                     Turns: 5723, Time: 00:06:00

Health: -1/52      AC:  4    Str:  9    XL:     8   Next: 12%
Magic:  11/11      EV: 14    Int: 16    God:
Gold:   370        SH:  0    Dex: 16    Spells: 4/11 levels left

rFire   x . .      SeeInvis .   e - staff of cold
rCold   + + .      Faith    .   (no shield)
rNeg    . . .      Spirit   .   a - +0 robe
rPois   .          Reflect  .   b - +2 hat
rElec   .          Harm     .   (no cloak)
rCorr   .          Rampage  .   (no gloves)
Will    .....                   (no boots)
Stlth   +.........              k - amulet of magic regeneration
HPRegen 0.17/turn               m - ring of ice
MPRegen 0.52/turn               (no ring)

@: confused, ambrosia-drunk, attractive
A: horns 1, demonic guardian 3, weakness stinger 2
a: no special abilities


You were on level 6 of the Dungeon.
You visited 1 branch of the dungeon, and saw 6 of its levels.

You collected 370 gold pieces.

Inventory:

Armour
 a - a +0 robe (worn)
 b - a +2 hat (worn)
Magical Staves
 e - a staff of cold (weapon)
Jewellery
 k - an amulet of magic regeneration (around neck)
 m - a ring of ice (left hand)
 t - an amulet of the acrobat
Scrolls
 c - 2 scrolls of immolation
 d - a scroll of fear
 g - a scroll of teleportation
 h - a scroll of enchant armour
 i - a scroll of summoning {unknown}
 n - 3 scrolls of magic mapping {unknown}
 o - 2 scrolls of brand weapon {unknown}
 q - a scroll of silence {unknown}
Potions
 f - a potion of flight
 l - a potion of attraction
 p - 3 potions of curing {unknown}
 r - a potion of might {unknown}
 s - a potion of heal wounds {unknown}


   Skills:
 + Level 3.7 Staves
 + Level 4.1 Dodging
 - Level 1.7 Stealth
 - Level 2.0 Spellcasting
 * Level 7.8 Ice Magic


You had 4 spell levels left.
You knew the following spells:

 Your Spells              Type           Power      Damage    Failure   Level
a - Freeze                Ice            100%       1d11      1%          1
b - Frozen Ramparts       Ice            100%       1d16      2%          3
c - Ozocubu's Armour      Ice            56%        N/A       2%          3

Your spell library contained the following spells:

 Spells                   Type           Power      Damage    Failure   Level
 Sting                    Tmut/Pois      4%         1d3       21%         1
 Poisonous Vapours        Pois/Air       2%         N/A       30%         2
 Sublimation of Blood     Necr           1%         N/A       30%         2
 Wereblood                Tmut           1%         N/A       30%         2
 Hailstorm                Conj/Ice       31%        3d8       38%         4
 Olgreb's Toxic Radiance  Pois           1%         N/A       90%         4
 Summon Hydra             Summ           0%         N/A       100%        7


Dungeon Overview and Level Annotations

Branches:
Dungeon (6/15)
 Temple: D:4-7

Altars:
Ashenzari
Cheibriados
Gozag
Hepliaklqana
Qazlal
Trog

Shops:
D:5 [

Annotations:
D:4 Dowan


Innate Abilities, Weirdness & Mutations

You have a pair of small horns on your head.
A powerful demonic guardian rushes to your aid.
You have a tail ending in a sharp stinger.


Message History

An orc comes into view. It is wielding a +0 whip.
The orc shouts!
The orc hits you with a +0 mace.
A vampire comes into view.
You feel a strong surge of power!
You freeze the orc!
You kill the orc!
The orc shouts!
The orc hits you with a +0 mace.
Things that are here:
a +0 mace; a +0 chain mail You feel a strong surge of power!
You freeze the orc.
The orc is moderately wounded.
The orc barely misses you.
You feel a strong surge of power!
You freeze the orc!
You kill the orc!
The orc closely misses you.
You feel a strong surge of power!
You freeze the orc!
You kill the orc!
The vampire attacks as you move away! The vampire closely misses you.
The vampire bites you!
The vampire draws strength from your injuries!
The vampire attacks as you move away! The vampire barely misses you.
The vampire bites you but does no damage.
The vampire gestures at you while chanting.
You are confused.
You bump into the rock wall.
The vampire attacks as you move away! The vampire hits you!
The vampire bites you!
* * * LOW HITPOINT WARNING * * *
The vampire draws strength from your injuries!
It was a potion of attraction.
You feel attractive to monsters. The vampire closely misses you.
The vampire bites you!
* * * LOW HITPOINT WARNING * * *
A demonic guardian appears!
The vampire draws strength from your injuries!
It was a potion of ambrosia.
You are more confused.
You feel invigorated. The vampire closely misses you. The vampire bites you!
You die...

... ##..## ##.# .
##..###.## .. ##..##.#
#.... ##(...## ####
#....# ##..).###..#
.....########..##...###
...............##.##
#.............###.#
#.##....V@.......#
#.)#.....3.......#
#.)).####...####.####
.......###
###...###...# ......#
#.......#### ##....
#.#####.## ##.. ##.
###..## #..
##..###...#.## #.
#........###.#


You could see a vampire (ally target) and a friendly sun demon (summoned).

Vanquished Creatures
  Duvessa (D:4)
  A sky beast (D:6)
  2 ogres
  A black bear (D:5)
  A centaur (D:6)
  A scorpion (D:4)
  3 hounds (D:5)
  A gnoll bouda (D:5)
  An iguana (D:5)
  3 orc wizards (D:5)
  6 gnolls
  8 adders
  2 ufetubi (D:5)
  2 dart slugs
  11 orcs
  11 endoplasms
  8 giant cockroaches
  6 hobgoblins
  7 jackals
  3 quokkas
  8 ball pythons
  4 bats
  2 frilled lizards
  7 goblins
  6 kobolds
  3 rats
109 creatures vanquished.

Vanquished Creatures (collateral kills)
  An ogre (D:4)
  A worm (D:2)
2 creatures vanquished.

Grand Total: 111 creatures vanquished

Notes
Turn   | Place    | Note
-------+----------+-------------------------------------------
     0 | D:1      | Sharkman1231 the Demonspawn Ice Elementalist began the
                  | quest for the Orb.
     0 | D:1      | Reached XP level 1. HP: 13/13 MP: 3/3
   329 | D:1      | Reached skill level 4 in Ice Magic
   329 | D:1      | Gained mutation: A weak demonic guardian rushes to your
                  | aid. [demonic ancestry]
   329 | D:1      | Reached XP level 2. HP: 1/19 MP: 5/5
  1102 | D:1      | Discovered your monstrous ancestry.
  1102 | D:1      | Gained mutation: You have a small tail. [demonic ancestry]
  1102 | D:1      | Reached XP level 3. HP: 20/24 MP: 4/6
  1160 | D:1      | Found a faded altar of an unknown god.
  1745 | D:1      | Learned a level 3 spell: Frozen Ramparts
  2046 | D:2      | Reached skill level 5 in Ice Magic
  2170 | D:2      | Gained mutation: You have a tail ending in a sharp stinger.
                  | [demonic ancestry]
  2170 | D:2      | Reached XP level 4. HP: 30/30 MP: 1/7
  2507 | D:2      | Learned a level 3 spell: Ozocubu's Armour
  3208 | D:3      | Found a bloodstained altar of Trog.
  3799 | D:4      | Noticed Duvessa
  3800 | D:4      | Noticed Dowan
  3827 | D:4      | Killed Duvessa
  3828 | D:4      | Reached skill level 1 in Staves
  3828 | D:4      | Reached skill level 6 in Ice Magic
  3828 | D:4      | Reached XP level 5. HP: 24/35 MP: 1/8
  4127 | D:4      | Noticed an ogre
  4147 | D:4      | Gained mutation: A demonic guardian rushes to your aid.
                  | [demonic ancestry]
  4147 | D:4      | Reached XP level 6. HP: 41/41 MP: 4/9
  4384 | D:4      | Found a stormy altar of Qazlal.
  4478 | D:4      | Found a snail-covered altar of Cheibriados.
  4479 | D:4      | Found a broken altar of Ashenzari.
  4600 | D:5      | Entered Level 5 of the Dungeon
  4632 | D:5      | Gained mutation: You have a pair of small horns on your
                  | head. [demonic ancestry]
  4632 | D:5      | Reached XP level 7. HP: 38/46 MP: 3/10
  4686 | D:5      | Found an opulent altar of Gozag.
  4827 | D:5      | Reached skill level 7 in Ice Magic
  4924 | D:5      | Found Wowkes's Antique Armour Emporium.
  5131 | D:5      | Identified the +7 arbalest "Ekontudd" {penet, rC++ Will-
                  | Int+3}
  5160 | D:5      | Found a hazy altar of Hepliaklqana.
  5447 | D:6      | Gained mutation: A powerful demonic guardian rushes to your
                  | aid. [demonic ancestry]
  5447 | D:6      | Reached XP level 8. HP: 25/52 MP: 6/11
  5722 | D:6      | HP: 1/52 [vampire (13)]
  5723 | D:6      | Slain by a vampire

Illustrated notes

Levels and vault maps discovered:
D:1:      mrwooster_arrival_statue_2, layout_loops_cross,
          shapermc_ecumenical_altar_ellora
D:2:      layout_loops_ring
D:3:      layout_basic, mainiacjoe_overflow_brackets, grunt_decor_fettered,
          minmay_misc_feat_doors
D:4:      layout_rooms, nicolae_qazlal_general_emergency,
          mainiacjoe_overflow_divided_tiny, minmay_unequal, uniq_duvessa
D:5:      layout_rooms, kennysheep_mini_moat, nicolae_gozag_seed_capital,
          serial_shops, shop, hex_large
D:6:      layout_layer_cave, nicolae_wu_jian_immortal_techniques,
          tgw_kikubaaqudgha, serial_park_tiny_pond, minmay_manual_maat,
          uniq_eustachio

Skill      XL: |  1  2  3  4  5  6  7 |
---------------+----------------------+-----
Ice Magic      | 4 5 6 7 |  7.8
Staves         | 1 2 3 |  3.7
Dodging        | 2 3 4 |  4.1
Stealth        | |  1.7
Spellcasting   | |  2.0

Action                   |  1- 3 |  4- 6 |  7- 9 || total
-------------------------+-------+-------+-------++-------
Melee: Unarmed           |    12 |     1 |       ||    13
       Tailslap          |     2 |     2 |     1 ||     5
       Staff             |       |    12 |     9 ||    21
       Headbutt          |       |       |     1 ||     1
 Cast: Freeze            |    71 |    64 |    38 ||   173
       Frozen Ramparts   |       |     4 |     6 ||    10
       Ozocubu's Armour  |       |     4 |     4 ||     8
  Use: Potion            |     1 |       |     2 ||     3
       Scroll            |     4 |     2 |       ||     6
 Stab: Sleeping          |       |     1 |       ||     1
Armor: Robe              |    16 |    13 |    20 ||    49
Dodge: Dodged            |    47 |    40 |    35 ||   122
